 Dungeon Crawl Stone Soup version 0.29-a0-878-g7b45a56547 (webtiles) character file.

Game seed: 9642850880625889252

67 siradein the Caller (level 4, -1/24 HPs)
             Began as a Tengu Summoner on July 20, 2022.
             Slain by an ufetubus (2 damage)
             ... on level 4 of the Dungeon.
             The game lasted 00:07:53 (2897 turns).

siradein the Caller (Tengu Summoner)                Turns: 2897, Time: 00:07:56

Health: -1/24      AC:  2    Str:  8    XL:     4   Next: 16%
Magic:  6/9        EV: 12    Int: 17    God:
Gold:   180        SH:  0    Dex: 15    Spells: 0/9 levels left

rFire   + . .      SeeInvis .   n - +0 spear
rCold   . . .      Faith    .   (no shield)
rNeg    . . .      Spirit   .   a - +0 robe
rPois   .          Reflect  .   (helmet restricted)
rElec   .          Harm     .   (no cloak)
rCorr   .          Rampage  .   (no gloves)
Will    .....                   (boots unavailable)
Stlth   ++........              (no amulet)
HPRegen 0.08/turn               g - ring of protection from fire
MPRegen 0.11/turn               (no ring)

@: no status effects
A: beak, talons 3
a: no special abilities


You were on level 4 of the Dungeon.
You visited 1 branch of the dungeon, and saw 4 of its levels.

You collected 180 gold pieces.

Inventory:

Hand Weapons
 n - a +0 spear (weapon)
Armour
 a - a +0 robe (worn)
Jewellery
 g - a ring of protection from fire (left hand)
Scrolls
 c - 3 scrolls of teleportation {unknown}
 d - 2 scrolls of vulnerability {unknown}
 f - a scroll of fear {unknown}
 i - a scroll of magic mapping {unknown}
 j - 2 scrolls of identify {unknown}
 m - a scroll of enchant armour {unknown}
Potions
 b - a potion of magic
 e - a potion of might {unknown}
 h - a potion of cancellation {unknown}
 k - a potion of berserk rage {unknown}
 l - 2 potions of haste {unknown}
 o - a potion of resistance {unknown}


   Skills:
 - Level 2.1 Dodging
 - Level 2.0 Stealth
 + Level 3.1 Spellcasting
 + Level 5.8 Summonings


You couldn't memorise any spells.
You knew the following spells:

 Your Spells              Type           Power      Damage    Failure   Level
a - Summon Small Mammal   Summ           88%        N/A       1%          1
b - Call Imp              Summ           22%        N/A       2%          2
c - Call Canine Familiar  Summ           22%        N/A       4%          3
d - Summon Guardian Gole  Hex/Summ       12%        N/A       16%         3

Your spell library contained the following spells:

 Spells                   Type           Power      Damage    Failure   Level
 Apportation              Tloc           4%         N/A       17%         1
 Necrotise                Necr           8%         1d4       17%         1
 Ozocubu's Armour         Ice            2%         N/A       45%         3
 Summon Lightning Spire   Summ/Air       12%        N/A       45%         4
 Ozocubu's Refrigeration  Ice            1%         4d5       100%        7


Dungeon Overview and Level Annotations

Branches:
Dungeon (4/15)
 Temple: D:4-7

Altars:
Dithmenos


Innate Abilities, Weirdness & Mutations

You have a beak for a mouth.
You have claws for feet.


Message History

The ufetubus hits you. The ufetubus misses you.
The ufetubus hits you but does no damage. x2
Your crimson imp closely misses the ufetubus.
You hit the ufetubus. Your kick misses the ufetubus.
The ufetubus is moderately wounded.
The ufetubus barely misses you. x2; Your crimson imp misses the ufetubus.
You barely miss the ufetubus.
The ufetubus is moderately wounded.
The ufetubus completely misses you. The ufetubus closely misses you.
The ufetubus hits you. The ufetubus misses you.
The ufetubus hits you but does no damage.
The ufetubus hits you. x3; Your crimson imp misses the ufetubus.
You barely miss the ufetubus.
The ufetubus is moderately wounded.
The ufetubus barely misses you. The ufetubus misses you. The ufetubus hits you.
The ufetubus completely misses you.
Your crimson imp misses the ufetubus.
The ufetubus closely misses you. The ufetubus barely misses you.
The ufetubus closely misses you. x2
You are too injured to fight recklessly!
Casting: Call Imp (safe; 2% risk of failure)
Confirm with . or Enter, or press ? or * to list all spells.
The ufetubus hits you. x2
* * * LOW HITPOINT WARNING * * *
The ufetubus misses you. x2
Your crimson imp closely misses the ufetubus.
Unknown command.
Your bat closely misses the ufetubus.
The ufetubus hits you but does no damage.
The ufetubus barely misses you.
Your bat hits the ufetubus. The ufetubus hits you.
* * * LOW HITPOINT WARNING * * *
The ufetubus misses you.
You see here an Everburning Encyclopedia.
You hit the ufetubus.
The ufetubus is severely wounded.
Your bat hits the ufetubus but does no damage.
The ufetubus hits you.
* * * LOW HITPOINT WARNING * * *
The ufetubus hits you.
You die...

##.....########...#....
#######......#...#.†..
#......#####....
#...(...........
#...............
#...............
#...............
##########........<......
........@.######.....####
♣♣♣..555.# #.....#
♣P....b.# #.....#
...P......# ....
..P.......# ..........#
....?....?# ..?.###+###
....


You could see 2 ufetubi, a friendly crimson imp (summoned) and a friendly bat
(summoned).

Vanquished Creatures
  A dart slug (D:1)
  A ball python (D:4)
  2 bats
  2 endoplasms
  2 giant cockroaches
  A goblin (D:2)
  A jackal (D:1)
  A quokka (D:3)
  A frilled lizard (D:1)
  2 kobolds
  5 rats
19 creatures vanquished.

Vanquished Creatures (collateral kills)
  An adder (D:3)
  2 dart slugs
  An orc (D:4)
  2 bats (D:1)
  A giant cockroach (D:2)
  4 hobgoblins
  4 kobolds
  3 ball pythons
  4 frilled lizards
  4 goblins (D:1)
  6 rats
32 creatures vanquished.

Grand Total: 51 creatures vanquished

Notes
Turn   | Place    | Note
-------+----------+-------------------------------------------
     0 | D:1      | siradein the Tengu Summoner began the quest for the Orb.
     0 | D:1      | Reached XP level 1. HP: 10/10 MP: 4/4
    45 | D:1      | Reached skill level 5 in Summonings
   141 | D:1      | Reached XP level 2. HP: 15/15 MP: 4/6
   144 | D:1      | Learned a level 2 spell: Call Imp
   487 | D:1      | Reached XP level 3. HP: 9/19 MP: 3/7
   659 | D:1      | Learned a level 3 spell: Call Canine Familiar
  1341 | D:2      | Found a shadowy altar of Dithmenos.
  2401 | D:3      | Reached XP level 4. HP: 24/24 MP: 6/9
  2405 | D:3      | Learned a level 3 spell: Summon Guardian Golem
  2897 | D:4      | HP: 1/24 [ufetubus (2)]
  2897 | D:4      | Slain by an ufetubus

Illustrated notes

Levels and vault maps discovered:
D:1:      eino_arrival_druids_welcome, layout_basic, minmay_stone_trees_medium,
          minmay_pentomino_v4
D:2:      layout_basic, basic_altar
D:3:      layout_loops_ring
D:4:      layout_gridville, mainiacjoe_overflow_concentric_impassable,
          trog_hazing_becter, minmay_temple_entry_offerings, serial_demonic,
          serial_demonic_c, serial_demonic_e, serial_demonic_e,
          serial_demonic_e, minmay_fractal_squares_gapless_5

Skill      XL: |  1  2  3 |
---------------+----------+-----
Summonings     | 5 |  5.8
Spellcasting   | 3 |  3.1
Dodging        | |  2.1
Stealth        | |  2.0

Action                   |  1- 3 |  4- 6 || total
-------------------------+-------+-------++-------
Melee: Unarmed           |    53 |     5 ||    58
       Kick              |    12 |     3 ||    15
       Peck              |    10 |     1 ||    11
       Punch             |     2 |       ||     2
       Spear             |       |     6 ||     6
 Cast: Summon Small Mamm |     3 |     1 ||     4
       Call Imp          |    29 |     5 ||    34
 Stab: Sleeping          |     2 |       ||     2
Armor: Robe              |    11 |     5 ||    16
Dodge: Dodged            |    37 |    19 ||    56

Table legend: (Time is in decaauts)
 A = Elapsed time spent in this place.
 B = Non-inter-level travel time spent in this place.
 C = Inter-level travel time spent in this place.
 D = Time resting spent in this place.
 E = Time spent auto-exploring this place.
 F = Levels seen in this place.
 G = Mean time per level.
                   A        B        C        D        E       F      G
               +--------+--------+--------+--------+--------+-----+--------+
         Total |   2895 |   2835 |     60 |      0 |   2392 |   4 |  723.8 |
       Dungeon |   2895 |   2835 |     60 |      0 |   2392 |   4 |  723.8 |
               +--------+--------+--------+--------+--------+-----+--------+

Top non-repeatable levels by time:
     D:1: 1040 daAuts
     D:3: 837 daAuts
     D:2: 788 daAuts
     D:4: 228 daAuts
